TOP OF THE 1ST |
Minnesota Death Stars batting - Pitching for Columbia 08s : RHP Lewis Sweeney
|
Pitching: RHP Lewis Sweeney
|
|
Batting: RHB William Robinson
|
0-0: Foul Ball, location: 2F 0-1: Ball 1-1: Ball 2-1: Ball 3-1: Foul Ball, location: 2F 3-2: Foul Ball, location: 2F 3-2: Ground out 5-3 (Groundball, 5)
|
Batting: RHB Mike Wagner
|
0-0: Called Strike 0-1: Foul Ball, location: 2F 0-2: Ball 1-2: Strikes out swinging
|
Batting: RHB Gabriel Ángel
|
0-0: Ball 1-0: Foul Ball, location: 2F 1-1: Called Strike 1-2: Strikes out swinging
|
Top of the 1st over - 0 run(s), 0 hit(s), 0 error(s), 0 left on base; Minnesota 0 - Columbia 0 |
BOTTOM OF THE 1ST |
Columbia 08s batting - Pitching for Minnesota Death Stars : RHP Jeremias Pereirinha
|
Pitching: RHP Jeremias Pereirinha
|
|
Batting: RHB Carlos López
|
0-0: Ground out 6-3 (Groundball, 6)
|
Batting: RHB Juan Trujillo
|
0-0: Ball 1-0: Ground out 6-3 (Groundball, 6)
|
Batting: RHB Tom Hicks
|
0-0: Ball 1-0: Foul Ball, location: 2F 1-1: Ball 2-1: Swinging Strike 2-2: Foul Ball, location: 2F 2-2: Ball 3-2: Foul Ball, location: 2F 3-2: Foul Ball, location: 2F 3-2: Strikes out swinging
|
Bottom of the 1st over - 0 run(s), 0 hit(s), 0 error(s), 0 left on base; Minnesota 0 - Columbia 0 |
TOP OF THE 2ND |
Minnesota Death Stars batting - Pitching for Columbia 08s : RHP Lewis Sweeney
|
Batting: RHB Raúl Flores
|
0-0: Foul Ball, location: 2F 0-1: Swinging Strike 0-2: Ball 1-2: Strikes out swinging, 2-3 out at first.
|
Batting: RHB Kel Weeks
|
0-0: Ball 1-0: Foul Ball, location: 2F 1-1: Ball 2-1: Swinging Strike 2-2: Ball 3-2: Base on Balls
|
Batting: LHB Shannon Hunter
|
0-0: Called Strike 0-1: Called Strike 0-2: Strikes out swinging
|
Batting: RHB Pat McDonald
|
0-0: Ground out 1-3 (Groundball, P)
|
Top of the 2nd over - 0 run(s), 0 hit(s), 0 error(s), 1 left on base; Minnesota 0 - Columbia 0 |
BOTTOM OF THE 2ND |
Columbia 08s batting - Pitching for Minnesota Death Stars : RHP Jeremias Pereirinha
|
Batting: RHB Jaime Hernández
|
0-0: Ground out 6-3 (Groundball, 6)
|
Batting: RHB Pedro López
|
0-0: DOUBLE (Flyball, 89D)
|
Batting: LHB Dave Raines
|
0-0: Fly out, F8 (Flyball, 8LD) Runner from 2nd tags up, SAFE at 3rd, no throw
|
Batting: RHB Henry Fox
|
0-0: Called Strike 0-1: DOUBLE (Line Drive, 9) Pedro López scores
|
Batting: RHB Carlos Estrada
|
0-0: Called Strike 0-1: SINGLE (Groundball, 56D) Henry Fox to third Runner from 3rd tries for Home, SAFE, no throw
|
Batting: RHB James Hunter
|
0-0: Ball 1-0: Swinging Strike 1-1: Ball 2-1: Ball Carlos Estrada steals 2nd base 3-1: Base on Balls
|
Batting: RHB Carlos López
|
0-0: Called Strike 0-1: Ball 1-1: Ball 2-1: Reached on error, E3 (Popup, 3S) Carlos Estrada to third James Hunter to second
|
Batting: RHB Juan Trujillo
|
0-0: Ball 1-0: Swinging Strike 1-1: Foul Ball, location: 2F 1-2: Foul Ball, location: 2F 1-2: Foul Ball, location: 2F 1-2: Foul Ball, location: 2F 1-2: Strikes out swinging
|
Bottom of the 2nd over - 2 run(s), 3 hit(s), 1 error(s), 3 left on base; Minnesota 0 - Columbia 2 |
TOP OF THE 3RD |
Minnesota Death Stars batting - Pitching for Columbia 08s : RHP Lewis Sweeney
|
Batting: LHB Matt Ruskin
|
0-0: Called Strike 0-1: Ground out 6-3 (Groundball, 6)
|
Batting: RHB Vaughan Tillman
|
0-0: Foul Ball, location: 2F 0-1: Ball 1-1: Swinging Strike 1-2: Ball 2-2: Strikes out swinging
|
Batting: RHB William Robinson
|
0-0: Ball 1-0: SINGLE (Line Drive, 34)
|
Batting: RHB Mike Wagner
|
0-0: DOUBLE (Flyball, 78M) William Robinson to third Runner from 3rd tries for Home, SAFE, no throw
|
Batting: RHB Gabriel Ángel
|
0-0: Called Strike 0-1: Ball 1-1: Ball 2-1: Swinging Strike 2-2: Ball 3-2: 2-RUN HOME RUN (Flyball, 89XD), Distance : 402 ft
|
Batting: RHB Raúl Flores
|
0-0: SINGLE (Line Drive, 34D)
|
Batting: RHB Kel Weeks
|
0-0: Called Strike 0-1: Ball 1-1: Foul Ball, location: 2F 1-2: Fly out, F7 (Flyball, 7S)
|
Top of the 3rd over - 3 run(s), 4 hit(s), 0 error(s), 1 left on base; Minnesota 3 - Columbia 2 |
BOTTOM OF THE 3RD |
Columbia 08s batting - Pitching for Minnesota Death Stars : RHP Jeremias Pereirinha
|
Batting: RHB Tom Hicks
|
0-0: Ground out 5-3 (Groundball, 56S)
|
Batting: RHB Jaime Hernández
|
0-0: Foul Ball, location: 2F 0-1: Fly out, F8 (Flyball, 8RM)
|
Batting: RHB Pedro López
|
0-0: Ball 1-0: Foul Ball, location: 2F 1-1: Called Strike 1-2: Ball 2-2: Strikes out looking
|
Bottom of the 3rd over - 0 run(s), 0 hit(s), 0 error(s), 0 left on base; Minnesota 3 - Columbia 2 |
TOP OF THE 4TH |
Minnesota Death Stars batting - Pitching for Columbia 08s : RHP Lewis Sweeney
|
Batting: LHB Shannon Hunter
|
0-0: Foul Ball, location: 2F 0-1: Swinging Strike 0-2: SINGLE (Groundball, 4M) (infield hit)
|
Batting: RHB Pat McDonald
|
0-0: Called Strike 0-1: Called Strike 0-2: Foul Ball, location: 2F 0-2: Strikes out swinging
|
Batting: LHB Matt Ruskin
|
0-0: Called Strike 0-1: Called Strike 0-2: Ball 1-2: Strikes out swinging
|
Batting: RHB Vaughan Tillman
|
0-0: Called Strike 0-1: Called Strike 0-2: Fielders Choice at 2nd, 4-6 (Groundball, 4)
|
Top of the 4th over - 0 run(s), 1 hit(s), 0 error(s), 0 left on base; Minnesota 3 - Columbia 2 |
BOTTOM OF THE 4TH |
Columbia 08s batting - Pitching for Minnesota Death Stars : RHP Jeremias Pereirinha
|
Batting: LHB Dave Raines
|
0-0: Called Strike 0-1: Ball 1-1: Called Strike 1-2: Ball 2-2: Ball 3-2: Base on Balls
|
Batting: RHB Henry Fox
|
0-0: Swinging Strike 0-1: Foul Ball, location: 2F 0-2: Ball 1-2: Ball 2-2: Foul Ball, location: 2F 2-2: Foul Ball, location: 2F 2-2: Strikes out swinging
|
Batting: RHB Carlos Estrada
|
0-0: SINGLE (Groundball, 56D) Dave Raines to second
|
Batting: RHB James Hunter
|
0-0: Called Strike 0-1: Ball 1-1: Ball 2-1: SINGLE (Line Drive, 56) Dave Raines to third Carlos Estrada to second
|
Batting: RHB Carlos López
|
0-0: Ball 1-0: Ball 2-0: Ball 3-0: Base on Balls Dave Raines scores Carlos Estrada to third James Hunter to second
|
Batting: RHB Juan Trujillo
|
0-0: Called Strike 0-1: Swinging Strike 0-2: Ball 1-2: Ball 2-2: Foul Ball, location: 2F 2-2: Fly out, F7 (Flyball, 7D) Runner from 3rd tags up, SCORES, no throw James Hunter to third
|
Batting: RHB Tom Hicks
|
0-0: Foul Ball, location: 2F 0-1: Fly out, F4 (Popup, 4MD)
|
Bottom of the 4th over - 2 run(s), 2 hit(s), 0 error(s), 2 left on base; Minnesota 3 - Columbia 4 |
TOP OF THE 5TH |
Minnesota Death Stars batting - Pitching for Columbia 08s : RHP Lewis Sweeney
|
Batting: RHB William Robinson
|
0-0: Called Strike 0-1: Ball 1-1: Foul Ball, location: 2F 1-2: Foul Ball, location: 2F 1-2: Ball 2-2: Strikes out swinging
|
Batting: RHB Mike Wagner
|
0-0: Ball 1-0: Called Strike 1-1: Swinging Strike 1-2: Fly out, F7 (Flyball, 78M)
|
Batting: RHB Gabriel Ángel
|
0-0: Called Strike 0-1: Swinging Strike 0-2: Ball 1-2: Ball 2-2: Foul Ball, location: 2F 2-2: Foul Ball, location: 2F 2-2: Ground out 4-3 (Groundball, 4)
|
Top of the 5th over - 0 run(s), 0 hit(s), 0 error(s), 0 left on base; Minnesota 3 - Columbia 4 |
BOTTOM OF THE 5TH |
Columbia 08s batting - Pitching for Minnesota Death Stars : RHP Jeremias Pereirinha
|
Batting: RHB Jaime Hernández
|
0-0: SINGLE (Line Drive, 56)
|
Batting: RHB Pedro López
|
0-0: Ball 1-0: Fielders Choice at 2nd, 4-6 (Groundball, 4)
|
Batting: LHB Dave Raines
|
0-0: Ball 1-0: Called Strike 1-1: Called Strike 1-2: Strikes out swinging
|
Batting: RHB Henry Fox
|
0-0: Ball 1-0: SINGLE (Line Drive, 9S) Pedro López to second Runner from 2nd tries for 3rd, SAFE, throw made to third
|
Batting: RHB Carlos Estrada
|
0-0: Foul Ball, location: 2F 0-1: Ball 1-1: Ball 2-1: Ball 3-1: Foul Ball, location: 2F 3-2: Base on Balls Henry Fox to second
|
Pitching: RHP Rubén Barrera
|
|
Batting: RHB James Hunter
|
0-0: Called Strike 0-1: Called Strike 0-2: Ball 1-2: Ball 2-2: Ball 3-2: Foul Ball, location: 2F 3-2: SINGLE (Groundball, 34D) Pedro López scores Henry Fox to third Carlos Estrada to second Henry Fox scores Carlos Estrada to third
|
Batting: RHB Carlos López
|
0-0: SINGLE (Line Drive, 6D) Carlos Estrada scores James Hunter to second
|
Batting: RHB Juan Trujillo
|
0-0: Ball 1-0: Ball 2-0: Foul Ball, location: 2F 2-1: Ball 3-1: Foul Ball, location: 2F 3-2: Hit by Pitch James Hunter to third Carlos López to second
|
Batting: RHB Tom Hicks
|
0-0: Ball 1-0: Ball 2-0: Fly out, F9 (Flyball, 9)
|
Bottom of the 5th over - 3 run(s), 4 hit(s), 0 error(s), 3 left on base; Minnesota 3 - Columbia 7 |
TOP OF THE 6TH |
Minnesota Death Stars batting - Pitching for Columbia 08s : RHP Lewis Sweeney
|
Pitching: RHP José Peña
|
|
Batting: RHB Raúl Flores
|
0-0: Foul Ball, location: 2F 0-1: Ball 1-1: Ball 2-1: Called Strike 2-2: Strikes out swinging
|
Batting: RHB Kel Weeks
|
0-0: Ball 1-0: Fly out, F3 (Popup, 3L)
|
Batting: LHB Shannon Hunter
|
0-0: Called Strike 0-1: Ball 1-1: Swinging Strike 1-2: Ball 2-2: Strikes out swinging
|
Top of the 6th over - 0 run(s), 0 hit(s), 0 error(s), 0 left on base; Minnesota 3 - Columbia 7 |
BOTTOM OF THE 6TH |
Columbia 08s batting - Pitching for Minnesota Death Stars : RHP Rubén Barrera
|
Batting: RHB Jaime Hernández
|
0-0: Called Strike 0-1: Ball 1-1: Foul Ball, location: 2F 1-2: Fly out, F7 (Flyball, 7S)
|
Batting: RHB Pedro López
|
0-0: Fly out, F8 (Flyball, 8RD)
|
Batting: LHB Dave Raines
|
0-0: Ball 1-0: Ball 2-0: Foul Ball, location: 2F 2-1: Ball 3-1: Foul Ball, location: 2F 3-2: Ground out 3-1 (Groundball, 34)
|
Bottom of the 6th over - 0 run(s), 0 hit(s), 0 error(s), 0 left on base; Minnesota 3 - Columbia 7 |
TOP OF THE 7TH |
Minnesota Death Stars batting - Pitching for Columbia 08s : RHP José Peña
|
Batting: RHB Pat McDonald
|
0-0: Swinging Strike 0-1: Ball 1-1: Foul Ball, location: 2F 1-2: Foul Ball, location: 2F 1-2: Strikes out swinging
|
Batting: LHB Matt Ruskin
|
0-0: Ball 1-0: Ball 2-0: Foul Ball, location: 2F 2-1: Swinging Strike 2-2: Strikes out swinging
|
Batting: RHB Vaughan Tillman
|
0-0: Ball 1-0: Foul Ball, location: 2F 1-1: Foul Ball, location: 2F 1-2: Ball 2-2: Ball 3-2: Strikes out swinging
|
Top of the 7th over - 0 run(s), 0 hit(s), 0 error(s), 0 left on base; Minnesota 3 - Columbia 7 |
BOTTOM OF THE 7TH |
Columbia 08s batting - Pitching for Minnesota Death Stars : RHP Rubén Barrera
|
Batting: RHB Henry Fox
|
0-0: Ball 1-0: Foul Ball, location: 2F 1-1: SINGLE (Line Drive, 89S)
|
Batting: RHB Carlos Estrada
|
0-0: Ball 1-0: Called Strike 1-1: Fielders Choice at 2nd, 6-4 (Groundball, 6)
|
Batting: RHB James Hunter
|
0-0: Called Strike 0-1: Foul Ball, location: 2F 0-2: Ball 1-2: Foul Ball, location: 2F 1-2: Ball 2-2: Strikes out looking
|
Batting: RHB Carlos López
|
0-0: Foul Ball, location: 2F 0-1: Ball 1-1: Called Strike 1-2: Ball 2-2: Ball 3-2: Base on Balls Carlos Estrada to second
|
Batting: RHB Juan Trujillo
|
0-0: Ball 1-0: Fly out, F8 (Line Drive, 89M)
|
Bottom of the 7th over - 0 run(s), 1 hit(s), 0 error(s), 2 left on base; Minnesota 3 - Columbia 7 |
TOP OF THE 8TH |
Minnesota Death Stars batting - Pitching for Columbia 08s : RHP José Peña
|
Batting: RHB William Robinson
|
0-0: Called Strike 0-1: Ball 1-1: Foul Ball, location: 2F 1-2: Foul Ball, location: 2F 1-2: Strikes out swinging
|
Pitching: RHP Alejandro Hernández
|
|
Batting: RHB Mike Wagner
|
0-0: Called Strike 0-1: Called Strike 0-2: Strikes out swinging
|
Batting: RHB Gabriel Ángel
|
0-0: Foul Ball, location: 2F 0-1: Foul Ball, location: 2F 0-2: Ball 1-2: Foul Ball, location: 2F 1-2: Foul Ball, location: 2F 1-2: Ball 2-2: Ground out 4-3 (Groundball, 4MD)
|
Top of the 8th over - 0 run(s), 0 hit(s), 0 error(s), 0 left on base; Minnesota 3 - Columbia 7 |
BOTTOM OF THE 8TH |
Columbia 08s batting - Pitching for Minnesota Death Stars : RHP Rubén Barrera
|
Batting: RHB Tom Hicks
|
0-0: Ball 1-0: Ball 2-0: Ball 3-0: Called Strike 3-1: Base on Balls
|
Batting: RHB Jaime Hernández
|
0-0: Ball 1-0: Foul Ball, location: 2F 1-1: Foul Ball, location: 2F 1-2: Foul Ball, location: 2F 1-2: SINGLE (Line Drive, 6MD) Tom Hicks to second
|
Batting: RHB Pedro López
|
0-0: Foul Ball, location: 2F 0-1: Ball 1-1: Ball 2-1: DOUBLE (Line Drive, 9LM) Tom Hicks scores Jaime Hernández to third
|
Pitching: RHP Carlos Donis
|
|
Batting: LHB Dave Raines
|
0-0: Ball 1-0: Ball 2-0: Swinging Strike 2-1: Ball 3-1: 3-RUN HOME RUN (Flyball, 9D), Distance : 392 ft
|
Batting: RHB Henry Fox
|
0-0: Called Strike 0-1: Foul Ball, location: 2F 0-2: Foul Ball, location: 2F 0-2: Fly out, F3 (Popup, 34)
|
Batting: RHB Carlos Estrada
|
0-0: DOUBLE (Line Drive, 7LM)
|
Batting: RHB James Hunter
|
0-0: SINGLE (Groundball, 4D) Carlos Estrada to third Runner from 3rd tries for Home, SAFE, no throw
|
Batting: RHB Carlos López
|
0-0: Ball 1-0: Ground out 5-3 (Groundball, 56S) James Hunter to second
|
Batting: RHB Juan Trujillo
|
0-0: Ball 1-0: SINGLE (Groundball, 4MD) James Hunter to third Runner from 3rd tries for Home, SAFE, throw made home Juan Trujillo to second
|
Batting: RHB Tom Hicks
|
0-0: Called Strike 0-1: Ball 1-1: Ball 2-1: Fly out, F9 (Flyball, 9S)
|
Bottom of the 8th over - 6 run(s), 6 hit(s), 0 error(s), 1 left on base; Minnesota 3 - Columbia 13 |
TOP OF THE 9TH |
Minnesota Death Stars batting - Pitching for Columbia 08s : RHP Alejandro Hernández
|
Now at 2B: Ernesto Villa
|
|
Now in RF: Francisco Gonzáles
|
|
Batting: RHB Raúl Flores
|
0-0: Fly out, F6 (Popup, 6D)
|
Batting: RHB Kel Weeks
|
0-0: Called Strike 0-1: Swinging Strike 0-2: Strikes out looking
|
Batting: LHB Shannon Hunter
|
0-0: Called Strike 0-1: Swinging Strike 0-2: Ball 1-2: SINGLE (Groundball, 4MD)
|
Batting: RHB Pat McDonald
|
0-0: Ball 1-0: Fly out, F8 (Flyball, 8LXD)
|
Top of the 9th over - 0 run(s), 1 hit(s), 0 error(s), 1 left on base; Minnesota 3 - Columbia 13 |
|